 Dungeon Crawl Stone Soup version 0.26-a0-712-ga5a9c9c9d0 (webtiles) character file.

Game seed: 17779049082354735889

1128 Gildeon the Ruffian (level 8, -2/80 HPs)
             Began as a Troll Fighter on Oct 31, 2020.
             Was a Believer of Okawaru.
             Splashed by a jelly's acid (8 damage)
             ... on level 6 of the Dungeon.
             The game lasted 00:11:32 (3925 turns).

Gildeon the Ruffian (Troll Fighter)                 Turns: 3925, Time: 00:11:33

Health: -2/80      AC:  3    Str: 26    XL:     8   Next: 13%
Magic:  7/7        EV: 11    Int:  4    God:    Okawaru [**....]
Gold:   155        SH:  0    Dex: 10    Spells: 6/7 levels left

rFire    . . .     SeeInvis .     - Unarmed
rCold    . . .     Faith    .   (no shield)
rNeg     . . .     Spirit   .   a - +0 robe
rPois    .         Reflect  .   w - +1 hat
rElec    .         Harm     .   (no cloak)
rCorr    .         Rampage  .   (gloves unavailable)
MR       .....                  (boots unavailable)
Stlth    +.........             (no amulet)
HPRegen  0.63/turn              y - ring of wizardry
MPRegen  0.10/turn              m - ring of wizardry

@: corroded
A: large, unfitting armour, claws 3, regeneration 1, shaggy fur 1, tough skin 3
a: Heroism, Renounce Religion


You were on level 6 of the Dungeon.
You worshipped Okawaru.
Okawaru was pleased with you.
You visited 2 branches of the dungeon, and saw 7 of its levels.
You also visited: Sewer.

You collected 435 gold pieces.
You spent 280 gold pieces at shops.

Inventory:

Hand Weapons
 z - a +0 flail
Armour
 a - a +0 robe (worn)
 w - a +1 hat (worn)
Jewellery
 k - an uncursed ring of fire
 m - a ring of wizardry (right claw)
 y - a ring of wizardry (left claw)
Wands
 t - a wand of flame (7)
Scrolls
 c - a scroll of magic mapping {unknown}
 f - 2 scrolls of enchant armour
 j - 2 scrolls of enchant weapon
 l - 5 scrolls of remove curse
 n - 2 scrolls of fear {unknown}
 o - a scroll of noise {unknown}
 p - a scroll of teleportation {unknown}
 r - a scroll of silence {unknown}
 u - a scroll of random uselessness {unknown}
Potions
 b - a potion of heal wounds
 d - a potion of flight {unknown}
 e - a potion of ambrosia {unknown}
 g - a potion of stabbing {unknown}
 h - 2 potions of resistance
 i - 4 potions of mutation
 q - 6 potions of curing
 s - a potion of berserk rage {unknown}
 v - a potion of invisibility {unknown}


   Skills:
 - Level 5.0 Fighting
 - Level 5.0 Dodging
   Level 2.4 Shields
 + Level 5.9 Unarmed Combat
 + Level 0.6 Hexes
 + Level 0.9 Invocations
 + Level 0.6 Evocations


You had 6 spell levels left.
You knew the following spells:

 Your Spells              Type           Power        Failure   Level
a - Corona                Hex            #......      12%         1

Your spell library contained the following spells:

 Spells                   Type           Power        Failure   Level
 Animate Skeleton         Necr           #.....       16%         1
 Apportation              Tloc           #.....       16%         1
 Summon Small Mammal      Summ           #...         16%         1


Dungeon Overview and Level Annotations

Branches:
Dungeon (6/15)             Temple (1/1) D:5           Sewer (visited)

Altars:
Ashenzari
Cheibriados
Dithmenos
Elyvilon
Fedhas
Gozag
Hepliaklqana
Kikubaaqudgha
Makhleb
Nemelex Xobeh
Okawaru
Ru
Sif Muna
Trog
Uskayaw
Vehumet
Wu Jian
Xom
Yredelemnul
Zin
The Shining One

Shops:
D:4 :

Annotations:
D:5 2 transporters, shin's ghost, novice OgAE


Innate Abilities, Weirdness & Mutations

You are too large for most types of armour.
You have claws for hands.
Your natural rate of healing is unusually fast.
You are covered in fur. (AC +1)
You have extremely tough skin. (AC +3)


Message History

You scratch the orc warrior but do no damage.
The orc warrior is moderately wounded.
You scratch the orc warrior but do no damage.
The orc warrior is moderately wounded.
The jelly hits you but does no damage. The orc warrior misses you.
You closely miss the orc warrior.
The orc warrior is moderately wounded.
The jelly misses you. The orc warrior closely misses you.
You claw the orc warrior! Your claw misses the orc warrior.
The orc warrior is severely wounded.
The jelly hits you.
You are splashed with acid!
* * * LOW HITPOINT WARNING * * *
The orc warrior hits you with a +0 halberd.
* * * LOW HITPOINT WARNING * * *
You scratch the jelly but do no damage. The acid corrodes you!
Your claws burn!
* * * LOW HITPOINT WARNING * * *
The jelly hits you.
* * * LOW HITPOINT WARNING * * *
The acid corrodes you!
You are splashed with acid!
You die...

..................
.......................
......................
.........#....... ...
.........#....>..#.!
#...........## ...#
.............# #..#
.<...........####..#####.
...............J@o.......
..............)##.......#
......................###
#..........###........#
##......#... ...$.......
#.##.....# .........###
........ .#........#
...... ............


You could see an orc warrior and a jelly.

Vanquished Creatures
  A water moccasin (Sewer)
  2 ice beasts (D:5)
  A sky beast (D:5)
  2 centaurs (D:5)
  A scorpion (D:5)
  2 bullfrog skeletons
  A centaur skeleton (D:4)
  An orc priest (D:5)
  An orc wizard (D:6)
  Jessica (D:3)
  2 iguanas (D:5)
  Natasha (thrice) (D:4)
  A worker ant (D:6)
  4 gnolls (D:4)
  10 adders
  An ooze (D:2)
  3 worms
  2 dart slugs
  3 leopard geckos
  5 orcs
  9 giant cockroaches
  7 goblins
  6 hobgoblins
  4 jackals (D:4)
  2 quokkas
  11 bats
  2 frilled lizards
  A jackal skeleton (D:6)
  6 kobolds
  5 rats
100 creatures vanquished.

Vanquished Creatures (others)
  6 plants (D:5)
6 creatures vanquished.

Grand Total: 106 creatures vanquished

Notes
Turn   | Place    | Note
-------+----------+-------------------------------------------
     0 | D:1      | Gildeon the Troll Fighter began the quest for the Orb.
     0 | D:1      | Reached XP level 1. HP: 22/22 MP: 0/0
   121 | D:1      | Reached XP level 2. HP: 29/29 MP: 1/1
   882 | D:2      | Reached XP level 3. HP: 30/36 MP: 2/2
  1072 | D:2      | Found a hide-covered altar of Uskayaw.
  1074 | D:2      | Found a snail-covered altar of Cheibriados.
  1076 | D:2      | Reached XP level 4. HP: 45/45 MP: 3/3
  1325 | D:2      | Found an iron altar of Okawaru.
  1333 | D:2      | Became a worshipper of Warmaster Okawaru
  1486 | D:2      | Found a bloodstained altar of Trog.
  1539 | D:2      | Found a sparkling altar of Nemelex Xobeh.
  1681 | D:3      | Noticed Jessica
  1686 | D:3      | Killed Jessica
  1723 | D:3      | Found a burning altar of Makhleb.
  1790 | D:3      | Reached XP level 5. HP: 53/53 MP: 4/4
  1932 | D:3      | Found a glowing drain.
  1936 | Sewer    | Entered a sewer
  1986 | Sewer    | Noticed a water moccasin
  1995 | Sewer    | Killed a water moccasin
  1995 | Sewer    | Reached XP level 6. HP: 62/62 MP: 5/5
  2157 | D:3      | Found a hazy altar of Hepliaklqana.
  2158 | D:3      | Found a shadowy altar of Dithmenos.
  2158 | D:3      | Noticed a shadow
  2256 | D:3      | Found a white marble altar of Elyvilon.
  2565 | D:4      | Noticed Natasha
  2572 | D:4      | Killed Natasha
  2646 | D:4      | HP: 2/62 [gnoll/+0 flail (4)]
  2755 | D:4      | Noticed Natasha
  2820 | D:4      | Reached * piety under Okawaru
  2900 | D:4      | Found Mubeadad's Book Shop.
  2914 | D:4      | Bought a book of Cantrips for 280 gold pieces
  2916 | D:4      | Learned a level 1 spell: Corona
  2949 | D:4      | Killed Natasha
  2972 | D:4      | Noticed Natasha
  2977 | D:4      | Killed Natasha
  3115 | D:5      | Entered Level 5 of the Dungeon
  3160 | D:5      | Found a glowing golden altar of the Shining One.
  3169 | D:5      | Reached XP level 7. HP: 63/70 MP: 6/6
  3237 | D:5      | Reached skill level 5 in Unarmed Combat
  3313 | D:5      | Found a staircase to the Ecumenical Temple.
  3387 | D:5      | Found a transporter.
  3387 | D:5      | Found a transporter.
  3403 | D:5      | Noticed shin's ghost (novice OgAE)
  3493 | D:5      | Reached ** piety under Okawaru
  3493 | D:5      | Reached skill level 5 in Fighting
  3493 | D:5      | Reached skill level 5 in Dodging
  3581 | D:5      | Reached XP level 8. HP: 40/80 MP: 7/7
  3710 | Temple   | Entered the Ecumenical Temple
  3879 | D:6      | Found a radiant altar of Vehumet.
  3925 | D:6      | Splashed by a jelly's acid

Illustrated notes

Levels and vault maps discovered:
D:1:      dpeg_arrival_three_bigger_balls, layout_basic
D:2:      layout_loops_ring, marbit_many_paths, grunt_temple_overflow_open,
          okawaru_ov_weapons_minmay, lemuel_coloured_pillars_altar
D:3:      layout_basic, riverfiend_overflow_shadow_ancestor,
          lemuel_crystal_altar, overflow_temple_1_default,
          gup_sewer_entry_spiral, uniq_jessica
D:4:      layout_rooms, serial_shops, shop_coins, grunt_decor_arrowhead,
          uniq_natasha
D:5:      layout_cave_pools, tso_metal_star, minmay_temple_entry_proselytizer,
          gammafunk_ghost_gnarly_gnolls
D:6:      layout_rooms, vehumet_crystals, grunt_qazlal_sundering
Temple:   cyrus_temple_forest

Skill      XL: |  1  2  3  4  5  6  7 |
---------------+----------------------+-----
Fighting       | 3 4 5 |  5.0
Dodging        | 3 4 5 |  5.0
Unarmed Combat | 3 4 5 |  5.9
Shields        | |  2.4
Hexes          | |  0.6
Invocations    | |  0.9
Evocations     | |  0.6

Action                   |  1- 3 |  4- 6 |  7- 9 || total
-------------------------+-------+-------+-------++-------
Melee: Unarmed           |    69 |   185 |    80 ||   334
       Punch             |     1 |       |     1 ||     2
  Use: Scroll            |       |     9 |     1 ||    10
       Potion            |       |     1 |     1 ||     2
 Stab: Sleeping          |       |     1 |       ||     1
Armor: Robe              |    28 |   117 |    20 ||   165
Dodge: Dodged            |    34 |   156 |    64 ||   254

Table legend: (Time is in decaauts)
 A = Elapsed time spent in this place.
 B = Non-inter-level travel time spent in this place.
 C = Inter-level travel time spent in this place.
 D = Time resting spent in this place.
 E = Time spent auto-exploring this place.
 F = Levels seen in this place.
 G = Mean time per level.
                   A        B        C        D        E       F      G
               +--------+--------+--------+--------+--------+-----+--------+
         Total |   3936 |   3781 |    155 |    152 |   2753 |   8 |  492.0 |
       Dungeon |   3749 |   3619 |    130 |    152 |   2652 |   6 |  624.8 |
        Temple |     79 |     54 |     25 |      0 |     54 |   1 |   79.0 |
         Sewer |    107 |    107 |      0 |      0 |     47 |   1 |  107.0 |
               +--------+--------+--------+--------+--------+-----+--------+

Top non-repeatable levels by time:
     D:2: 860 daAuts
     D:3: 857 daAuts
     D:1: 767 daAuts
     D:5: 655 daAuts
     D:4: 543 daAuts
   Sewer: 107 daAuts
  Temple: 79 daAuts
     D:6: 65 daAuts
